[Event "Late-Titled-Tuesday-Blitz-February-20-2024"]
[Site "Chess.com"]
[Date "2024.02.20"]
[Round "11"]
[White "Sanan_Sjugirov"]
[Black "GoltsevDmitry2000"]
[Result "1/2-1/2"]
[WhiteElo "2887"]
[BlackElo "2775"]
[TimeControl "180+1"]
[EndTime "16:04:06 PST"]
[Termination "Game drawn by repetition"]

1. e4 e6 2. d4 d5 3. e5 c5 4. c3 Nc6 5. Nf3 Nge7 6. Na3 Nf5 7. Nc2 h5 8. Bd3 Be7 9. Bxf5 exf5 10. h4 Be6 11. Bg5 cxd4 12. Bxe7 Kxe7 13. Ncxd4 Qb6 14. Qd2 g6 15. O-O Nxd4 16. Nxd4 Rac8 17. Rad1 Rc4 18. Qg5+ Kd7 19. Rd2 Qd8 20. Qg3 Qe7 21. Rfd1 Rhc8 22.
f4 a6 23. Qf2 Kc7 24. Nc2 Qc5 25. Ne3 Re4 26. Nxd5+ Kb8 27. Qxc5 Rxc5 28. g3 Bxd5 29. Rxd5 Rxd5 30. Rxd5 Re2 31. Rd7 Rxb2 32. Rxf7 Rxa2 33. Kf1 Ra4 34. Rf6 Re4 35. Rxg6 a5 36. Rg8+ Ka7 37. Rd8 a4 38. Kf2 b5 39. Rd6 Kb7 40. Kf3 Kc7 41. Ra6 Kb7 42. Rd6 Kc7 43. Ra6 Kb7 44. Rd6 1/2-1/2

[Event "Late-Titled-Tuesday-Blitz-February-20-2024"]
[Site "Chess.com"]
[Date "2024.02.20"]
[Round "11"]
[White "ninguno46"]
[Black "Balla_Tamas"]
[Result "1-0"]
[WhiteElo "2529"]
[BlackElo "2396"]
[TimeControl "180+1"]
[EndTime "16:04:10 PST"]
[Termination "ninguno46 won by resignation"]

1. e4 c5 2. Nc3 Nc6 3. f4 g6 4.
Nf3 Bg7 5. Bb5 Nd4 6. O-O e6 7. e5 Ne7 8. Nxd4 cxd4 9. Ne4 O-O 10. d3 a6 11. Bc4 b5 12. Bb3 Bb7 13. Qe2 Qc7 14. Bd2 Bd5 15. Bb4 Bxb3 16. Bxe7 Rfe8 17. cxb3 Rxe7 18. Rac1 Qd8 19. Nd6 f6 20. Rc5 Qf8 21.
Rfc1 Ree8 22. Nxe8 Rxe8 23. exf6 Qxf6 24. Qe4 h6 25. g3 Kh7 26. Rc7 e5 27. Rxd7 Re7 28. Rxe7 Qxe7 29. f5 Bf6 30. fxg6+ Kg7 31. Rf1 Qc7 32. Kg2 Qc2+ 33. Rf2 Qc7 34. h4 a5 35. Qd5 Kxg6 36. Qg8+ Kh5 37. Qe8+ Kg4 38. Qg6+ Bg5 39. hxg5 Qc6+ 40. Qe4+ 1-0

[Event "Late-Titled-Tuesday-Blitz-February-20-2024"]
[Site "Chess.com"]
[Date "2024.02.20"]
[Round "11"]
[White "cukricek"]
[Black "DraningWaterHi"]
[Result "1-0"]
[WhiteElo "2443"]
[BlackElo "2254"]
[TimeControl "180+1"]
[EndTime "16:04:11 PST"]
[Termination "cukricek won by checkmate"]

1. g3 g6 2. Bg2 Bg7 3. Nf3 e5 4. O-O d5 5. c4 d4 6. d3 Ne7 7. b4 a5 8. b5 Nd7 9. Ba3 O-O 10.
Nbd2 Re8 11. Bxe7 Qxe7 12. a4 Nc5 13. Nb3 Bf8 14. Nfd2 Ne6 15. Re1 Ra7 16. e3 dxe3 17.
Rxe3 Bg7 18. Rc1 b6 19. Ne4 f5 20. Nc3 Bb7 21. Bxb7 Rxb7 22. Nd5 Qd6 23. Qf3 Rbb8 24. Ree1 Rbd8 25. Rcd1 Ng5 26. Qg2 Ne6 27. h4 Qa3 28. Rb1 Qxa4 29. Qf3 Qa3 30. h5 a4 31. Nc1 Nd4 32. Qd1 e4 33. hxg6 hxg6 34. Nxc7 Nf3+ 35. Kh1 Nxe1 36. Nxe8 Nxd3 37. Nxd3 Qxd3 38. Qxd3 e3 39. Qxd8 exf2 40. Nf6+ Kf7 41. Qg8+ Kxf6 42. Kg2 a3 43. Ra1 Bh6 44. Rxa3 Kg5 45. Qd8+ Kh5 46. Ra2 Be3 47. Kf1 Bc5 48. Qh4# 1-0

[Event "Late-Titled-Tuesday-Blitz-February-20-2024"]
[Site "Chess.com"]
[Date "2024.02.20"]
[Round "11"]
[White "NoHeThTo"]
[Black "ExchangeAB"]
[Result "1/2-1/2"]
[WhiteElo "2643"]
[BlackElo "2489"]
[TimeControl "180+1"]
[EndTime "16:04:12 PST"]
[Termination "Game drawn by repetition"]

1. c4 c6 2. Nf3 d5 3. e3 Nf6 4. b3 Bf5 5. Bb2 h6 6. d4 e6 7.
Nbd2 Nbd7 8. Be2 Bd6 9. O-O O-O 10.
h3 Ne4 11. Nxe4 Bxe4 12. Nd2 Bg6 13. f4 Qa5 14. Nf3 Ba3 15. Qc1 Bxb2 16. Qxb2 b5 17. b4 Qa4 18. cxb5 cxb5 19. Rfc1 Nb6 20. Ne5 Nc4 21. Bxc4 bxc4 22. Rc3 Rab8 23. Nxg6 fxg6 24. Rb1 a5 25. b5 Rb6 26. Ra3 Qb4 27. Qxb4 axb4 28.
Rxb4 Rfb8 29. Ra5 c3 30. Rb1 c2 31. Rc1 Rxb5 32. Rxb5 Rxb5 33. Rxc2 Ra5 34. Kf2 Ra3 35.
Kf3 Kf7 36. Rc7+ Kf6 37. Rc2 g5 38. fxg5+ Kxg5 39. g3 Kf6 40. h4 h5 41. Kf4 g6 42.
Rb2 Ra8 43. e4 dxe4 44. Kxe4 Ra3 45. Kf4 Ra4 46. Ke4 Ra3 47. Rg2 Ra5 48. g4 hxg4 49. Rxg4 Rxa2 50. Rf4+ Ke7 51. Rg4 Kf6 52. Rf4+ Ke7 53.
Rg4 Kf6 1/2-1/2

[Event "Late-Titled-Tuesday-Blitz-February-20-2024"]
[Site "Chess.com"]
[Date "2024.02.20"]
[Round "11"]
[White "Goryachkina"]
[Black "noblerone"]
[Result "1-0"]
[WhiteElo "2698"]
[BlackElo "2507"]
[TimeControl "180+1"]
[EndTime "16:04:14 PST"]
[Termination "Goryachkina won by resignation"]

1. e4 c5 2. Nf3 e6 3. g3 Nc6 4. Bg2 Nf6 5. Nc3 a6 6. O-O Be7 7. e5 Ng4 8. Re1 O-O 9. h3 Nh6 10.
g4 f5 11. exf6 Bxf6 12. d3 Be7 13. Bxh6 gxh6 14. Ne4 b5 15. Qd2 Kg7 16. Ng3 Bg5 17.
Nxg5 hxg5 18. Bxc6 dxc6 19. Re5 h6 20. Rxc5 Qb6 21.
Qc3+ Kg8 22. Re1 Bd7 23. Ne4 Rad8 24. b4 Rf4 25. Nf6+ Kf7 26. Nh5 Rg8 27. Nxf4 1-0

[Event "Late-Titled-Tuesday-Blitz-February-20-2024"]
[Site "Chess.com"]
[Date "2024.02.20"]
[Round "11"]
[White "Fluffey"]
[Black "yaguigor"]
[Result "0-1"]
[WhiteElo "2410"]
[BlackElo "2618"]
[TimeControl "180+1"]
[EndTime "16:04:14 PST"]
[Termination "yaguigor won on time"]

1. d4 f5 2. Bf4 Nf6 3. e3 d6 4.
Nc3 Nbd7 5. Bc4 e5 6. dxe5 dxe5 7.
Bg3 c6 8. Nf3 Qa5 9. O-O Bb4 10.
Ng5 Bxc3 11. Qd6 Rf8 12. Qe6+ Kd8 13. bxc3 Qc5 14. Rfd1 Kc7 15. Nf7 Re8 16. Qd6+ Qxd6 17. Nxd6 Rf8 18. Nxf5 Nh5 19. Rd2 Nxg3 20. Nxg3 Nb6 21.
Bb3 c5 22. a4 c4 23. Ba2 Be6 24. Ne4 Nxa4 25. Nc5 Nxc5 26. Rad1 Rad8 27. f3 Na4 0-1

[Event "Late-Titled-Tuesday-Blitz-February-20-2024"]
[Site "Chess.com"]
[Date "2024.02.20"]
[Round "11"]
[White "jinxy2009"]
[Black "abeljusto"]
[Result "0-1"]
[WhiteElo "2165"]
[BlackElo "2097"]
[TimeControl "180+1"]
[EndTime "16:04:16 PST"]
[Termination "abeljusto won by resignation"]

1. e4 c5 2. Nf3 d6 3. d4 cxd4 4. Nxd4 Nf6 5. Nc3 a6 6. Be3 e5 7.
Nb3 Be6 8. f3 Nbd7 9. Qd2 Be7 10.
O-O-O Rc8 11. Kb1 b5 12. g4 Nb6 13. g5 Nfd7 14. Nd5 Nxd5 15. exd5 Bf5 16. Bd3 Bxd3 17. Qxd3 Bxg5 18. Bxg5 Qxg5 19. Rhg1 Qf6 20. Na5 O-O 21.
Nc6 Nb8 22. Nxb8 Rxb8 23. Rg3 g6 24. Qe4 Rfc8 25. b3 Rc5 26. h4 h5 27. Rg5 Rbc8 28.
Rdg1 Kf8 29. R1g3 Rxc2 30. Qxc2 Rxc2 31. Kxc2 Qf4 32. Kb1 Qxh4 33. Rg2 Qd4 34. Rc2 Qxd5 35. Rgg2 Qd1+ 36. Kb2 Qxf3 37. Rgf2 Qd5 0-1

[Event "Late-Titled-Tuesday-Blitz-February-20-2024"]
[Site "Chess.com"]
[Date "2024.02.20"]
[Round "11"]
[White "Pelusiansky"]
[Black "pavet"]
[Result "1-0"]
[WhiteElo "2591"]
[BlackElo "2726"]
[TimeControl "180+1"]
[EndTime "16:04:19 PST"]
[Termination "Pelusiansky won by resignation"]

1. c4 e5 2. Nc3 Nf6 3. g3 d5 4.
cxd5 Nxd5 5. Bg2 Nb6 6. Nf3 Nc6 7. O-O Be7 8. d3 O-O 9. Be3 Re8 10. Rc1 Bf8 11. Ne4 Bg4 12. h3 Bxf3 13. Bxf3 Nd4 14.
Bg2 c6 15. Nc5 Bxc5 16. Rxc5 Qd6 17. Rc1 Nd5 18. Bd2 Rad8 19. e3 Ne6 20. Qc2 Nf6 21. Ba5 b6 22. Bc3 c5 23. Rfd1 Nd5 24. a3 h6 25. Be1 a5 26. Qc4 h5 27. h4 g6 28. Rb1 Nf6 29. b4 axb4 30. axb4 Kg7 31. bxc5 Qxc5 32. Qb3 Rb8 33. Bb4 Qb5 34. Bf8+ Nxf8 35.
Qxb5 Ne6 36. d4 exd4 37. exd4 Red8 38. d5 Nc5 39. d6 Ne6 40. Qb2 b5 41. Bh3 Nc5 42.
d7 b4 43. Rd5 Ne4 44. Rd4 Nc3 45. Re1 Na4 46. Qb3 Nc5 47. Qc4 Na4 48. Rf4 Rb6 49. Qd4 b3 50. Qxa4 b2 51. Rb1 Kg8 52. Qa5 Rbb8 53.
Rxf6 1-0

[Event "Late-Titled-Tuesday-Blitz-February-20-2024"]
[Site "Chess.com"]
[Date "2024.02.20"]
[Round "11"]
[White "ArtemDyachuk"]
[Black "sergiochess83"]
[Result "0-1"]
[WhiteElo "2672"]
[BlackElo "2914"]
[TimeControl "180+1"]
[EndTime "16:04:22 PST"]
[Termination "sergiochess83 won by resignation"]

1. d4 Nf6 2. c4 g6 3. Nc3 d5 4.
cxd5 Nxd5 5. e4 Nxc3 6. bxc3 Bg7 7. Bb5+ c6 8. Ba4 O-O 9. Nf3 b5 10. Bb3 a5 11. O-O a4 12. Bc2 c5 13. Be3 Bg4 14. d5 Nd7 15. Rb1 Qa5 16. h3 Bxf3 17.
Qxf3 Bxc3 18. Qg4 Rad8 19. Rfd1 b4 20. Qe2 Rc8 21. Bd3 Ne5 22. Bb5 c4 23. Bc6 Nxc6 24.
dxc6 Rxc6 25. a3 b3 26. Rd5 Qc7 27. Bf4 Qc8 28. e5 Qf5 29. Rc1 b2 30. Rxc3 b1=Q+ 31. Bc1 Qfe4 32. Qd2 Rb6 33. Kh2 Rb3 34. Rd8 Qxe5+ 35.
f4 Qxc3 36. Rxf8+ Kxf8 37. Qd8+ Kg7 38. Bb2 0-1

[Event "Late-Titled-Tuesday-Blitz-February-20-2024"]
[Site "Chess.com"]
[Date "2024.02.20"]
[Round "11"]
[White "Mikhal867"]
[Black "Thjop"]
[Result "0-1"]
[WhiteElo "2455"]
[BlackElo "2625"]
[TimeControl "180+1"]
[EndTime "16:04:25 PST"]
[Termination "Thjop won by checkmate"]

1. c4 Nf6 2. Nc3 g6 3. e4 Bg7 4.
d4 d6 5. f3 O-O 6. Be3 a6 7.
Qd2 Nc6 8. Nge2 Na5 9. Nc1 Nd7 10. b4 Nc6 11. Rb1 e5 12. d5 Nd4 13. Nb3 Nxb3 14. Rxb3 a5 15. a3 axb4 16. axb4 f5 17. Bd3 Nf6 18.
O-O f4 19. Bf2 g5 20. c5 g4 21. Be2 h5 22. b5 dxc5 23. Bxc5 Rf7 24. b6 Bf8 25. Bf2 c6 26. Rd1 cxd5 27. Nxd5 Nxd5 28. exd5 Bd6 29. fxg4 hxg4 30. Qc2 Bf5 31. Bd3 Qg5 32.
Bxf5 Qxf5 33. Qxf5 Rxf5 34. Re1 Ra5 35. Rd3 Kf7 36. g3 Kg6 37. h3 gxh3 38. Kh2 Ra2 39. Rf3 e4 40. g4 exf3 41. gxf5+ Kxf5 42. Rf1 Bc5 43. d6 Bxf2 44. Kxh3 Bg3 45. Rh1 Ra8 46.
Re1 Rh8# 0-1

[Event "Late-Titled-Tuesday-Blitz-February-20-2024"]
[Site "Chess.com"]
[Date "2024.02.20"]
[Round "11"]
[White "Supelyel"]
[Black "jodarmarlon1985"]
[Result "1-0"]
[WhiteElo "2477"]
[BlackElo "2274"]
[TimeControl "180+1"]
[EndTime "16:04:25 PST"]
[Termination "Supelyel won by resignation"]

1. c4 f5 2. g3 Nf6 3. Bg2 g6 4. Nc3 Bg7 5. Nf3 O-O 6. O-O d6 7. d3 e5 8. Bg5 h6 9. Bxf6 Qxf6 10. Rb1 a5 11. a3 Nc6 12. Nd2 f4 13. b4 axb4 14.
axb4 Nd4 15. e3 f3 16. Bh1 Ra3 17. exd4 Rxc3 18. Ne4 Qf5 19. Nxc3 exd4 20. Nd5 Qf7 21. Re1 Be6 22. Qxf3 c6 23. Qxf7+ Bxf7 24. Nf4 g5 25.
Ne6 Ra8 26. Nxg7 Kxg7 27. b5 Ra3 28. bxc6 bxc6 29. Be4 d5 30. cxd5 cxd5 31. Bf5 Kf6 32. g4 h5 33. h3 hxg4 34. hxg4 Rc3 35. Rb6+ Kg7 36. Re7 Kf8 37. Ra7 1-0

[Event "Late-Titled-Tuesday-Blitz-February-20-2024"]
[Site "Chess.com"]
[Date "2024.02.20"]
[Round "11"]
[White "aistrel"]
[Black "Polstastisch"]
[Result "1-0"]
[WhiteElo "2554"]
[BlackElo "2412"]
[TimeControl "180+1"]
[EndTime "16:04:26 PST"]
[Termination "aistrel won by checkmate"]

1. d4 Nf6 2. Nc3 d5 3. Bf4 c5 4. e3 cxd4 5. exd4 Bg4 6. Be2 Bxe2 7. Qxe2 Nc6 8. Nb5 Rc8 9. Nd6+ Kd7 10. Nxc8 Kxc8 11. Nf3 Qb6 12. c3 Ne4 13. Ne5 Nxe5 14. Bxe5 Qg6 15. O-O h5 16. f3 Nd6 17. Bxd6 Qxd6 18. Qb5 e6 19. Qe8+ Qd8 20. Qxf7 Bd6 21. Qxe6+ Kb8 22. Rae1 h4 23. f4 g5 24. f5 g4 25. f6 Bg3 26. hxg3 hxg3 27. Qe5+ Ka8 28.
Qxg3 a6 29. f7 Rf8 30. Qxg4 a5 31. Qg7 a4 32. Qxf8 Qxf8 33. Re8+ Ka7 34. Rxf8 a3 35. b3 b5 36. Rf6 b4 37. cxb4 Kb7 38. Rd8 Kc7 39.
Rxd5 Kb7 40. g4 Kc7 41. g5 Kb7 42. g6 Kc7 43. Kf2 Kb7 44. Kf3 Kc7 45. Kf4 Kb7 46. Ke5 Kc7 47. Ra5 Kb7 48. Rxa3 Kc7 49. Raa6 Kb7 50. Rac6 Ka7 51. b5 Kb7 52. b4 Ka7 53. a4 Kb7 54. a5 Ka7 55. Rc7+ Kb8 56. b6 Ka8 57. a6 Kb8 58. b5 Ka8 59. d5 Kb8 60. g7 Ka8 61. Ke6 Kb8 62. Ke7 Ka8 63. Ke8 Kb8 64. g8=Q Ka8 65. f8=R Kb8 66. d6 Ka8 67. d7 Kb8 68. d8=R# 1-0

[Event "Late-Titled-Tuesday-Blitz-February-20-2024"]
[Site "Chess.com"]
[Date "2024.02.20"]
[Round "11"]
[White "Felix-Rose"]
[Black "kylelancman"]
[Result "0-1"]
[WhiteElo "2269"]
[BlackElo "2448"]
[TimeControl "180+1"]
[EndTime "16:04:26 PST"]
[Termination "kylelancman won by resignation"]

1. e4 c5 2. Nf3 g6 3. d4 cxd4 4. Nxd4 Nc6 5. c4 Nf6 6. Nc3 d6 7. f3 Nxd4 8. Qxd4 Bg7 9. Be3 O-O 10. Qd2 a5 11. Be2 a4 12. O-O Qa5 13. Rab1 Be6 14. Rfd1 Rfc8 15. b4 axb3 16. axb3 Qb4 17. Qe1 Ra3 18.
Nb5 Qxe1+ 19. Rxe1 Ra2 20. Bd4 Bd7 21. Nc3 Ra3 22.
Be3 Ng4 23. fxg4 Bxc3 24. Bc1 Ra2 25. Kf1 Bxe1 26. Kxe1 Rca8 27. Bb2 Bc6 28. Bd3 f6 29. h3 Kf7 30. Kd2 Rb8 31. Kc3 b5 32. Rh1 Kg7 33. h4 bxc4 34. Bxc4 Bxe4 35. h5 d5 36. h6+ Kf8 37. Re1 dxc4 38. Rxe4 Rxb3+ 39. Kxc4 Raxb2 0-1

[Event "Late-Titled-Tuesday-Blitz-February-20-2024"]
[Site "Chess.com"]
[Date "2024.02.20"]
[Round "11"]
[White "IMRosen"]
[Black "Cambek64"]
[Result "1-0"]
[WhiteElo "2667"]
[BlackElo "2444"]
[TimeControl "180+1"]
[EndTime "16:04:27 PST"]
[Termination "IMRosen won by resignation"]

1. e4 e6 2. c4 d5 3. cxd5 exd5 4. Qb3 c6 5. Nc3 d4 6. Bc4 Qe7 7. Nce2 c5 8. d3 Nc6 9. Nf4 Nf6 10. Nf3 a6 11. O-O b5 12. Bd5 Bb7 13. a4 b4 14.
a5 h6 15. Bc4 Qc7 16. e5 Ng4 17. e6 fxe6 18. Bxe6 Bd6 19. Bxg4 Bxf4 20. Qe6+ Ne7 21. Bxf4 Qxf4 22. Rfe1 Qf6 23. Qd7+ Kf8 24. Qxb7 Re8 25.
Re6 Qg6 26. Rxg6 1-0

[Event "Late-Titled-Tuesday-Blitz-February-20-2024"]
[Site "Chess.com"]
[Date "2024.02.20"]
[Round "11"]
[White "laskakid"]
[Black "ajeale2"]
[Result "1-0"]
[WhiteElo "2370"]
[BlackElo "2480"]
[TimeControl "180+1"]
[EndTime "16:04:27 PST"]
[Termination "laskakid won by resignation"]

1. d4 d5 2. c4 e6 3. Nc3 Nf6 4.
Bg5 Be7 5. Nf3 O-O 6. e3 a6 7. Qc2 dxc4 8. Bxc4 b5 9. Bd3 Nbd7 10. a3 Bb7 11. O-O Bxf3 12. gxf3 c5 13. dxc5 Nxc5 14. Bxf6 Bxf6 15. Bxh7+ Kh8 16. Be4 Rc8 17. Rfd1 Qb6 18. Rac1 Be7 19. f4 f5 20. Bf3 Rf6 21. Kh1 Na4 22.
Qb3 Nc5 23. Qa2 Rh6 24. b4 Ne4 25. Nd5 Rxc1 26. Nxb6 Nc3 27. Qb2 Nxd1 28. Qxc1 Nxf2+ 29. Kg2 Nd3 30. Qc3 e5 31. Qxd3 e4 32. Qd4 Rg6+ 33. Kf2 Bh4+ 34. Ke2 exf3+ 35. Kxf3 Bf6 36. Qd7 Bb2 37.
Nd5 1-0

[Event "Late-Titled-Tuesday-Blitz-February-20-2024"]
[Site "Chess.com"]
[Date "2024.02.20"]
[Round "11"]
[White "BabageldiAnnaberdiyev"]
[Black "picturesquecheck"]
[Result "1-0"]
[WhiteElo "2617"]
[BlackElo "2478"]
[TimeControl "180+1"]
[EndTime "16:04:29 PST"]
[Termination "BabageldiAnnaberdiyev won by checkmate"]

1. e4 c5 2. Nf3 d6 3. d3 g6 4. Nbd2 Bg7 5. g3 Nc6 6. Bg2 e5 7. h4 h5 8. O-O Nge7 9. c3 O-O 10. a4 d5 11. exd5 Nxd5 12. Nc4 Re8 13. Re1 Bg4 14. Qb3 Nb6 15. Nxb6 Qxb6 16. Qb5 Na5 17. Be3 Qxb5 18. axb5 b6 19. Nh2 Rad8 20. Nxg4 hxg4 21. b4 cxb4 22. cxb4 Nb3 23. Rxa7 Rxd3 24. Bxb6 Rb8 25. Ra8 Rxa8 26. Bxa8 Nd2 27. Be3 Nc4 28. b6 Rb3 29.
Bc5 Nxb6 30. Bxb6 Rxb4 31. Be3 f5 32. Bd5+ Kh7 33. Bg5 Rd4 34. Bg2 Rb4 35. Rc1 f4 36. gxf4 exf4 37. Rc7 Kh8 38. Rc8+ Kh7 39. Bd5 Rb1+ 40.
Kh2 Be5 41. Re8 g3+ 42. fxg3 fxg3+ 43. Kh3 Bd6 44. Rd8 Rb6 45. Rd7+ Kh8 46. Bf6# 1-0

[Event "Late-Titled-Tuesday-Blitz-February-20-2024"]
[Site "Chess.com"]
[Date "2024.02.20"]
[Round "11"]
[White "Sajkochess"]
[Black "HajiyevKanan"]
[Result "1-0"]
[WhiteElo "2386"]
[BlackElo "2471"]
[TimeControl "180+1"]
[EndTime "16:04:33 PST"]
[Termination "Sajkochess won on time"]

1. e4 c6 2. Nf3 d5 3. Nc3 a6 4. d4 Bg4 5. h3 Bh5 6. Bd3 e6 7. exd5 cxd5 8. g4 Bg6 9. h4 Nc6 10.
Bf4 Bb4 11. Qe2 Qb6 12. Kf1 O-O-O 13. a3 Bxc3 14. bxc3 Qb2 15. Kg2 Qxc3 16. Rab1 Nxd4 17. Qe5 Nb5 18. Qb8+ Kd7 19. Qxb7+ Nc7 20. Ne5+ Ke8 21. Nxg6 hxg6 22. Qxc7 Qxa3 23. Rb7 Qf8 24. Bxa6 Ne7 25. Bb5+ 1-0

[Event "Late-Titled-Tuesday-Blitz-February-20-2024"]
[Site "Chess.com"]
[Date "2024.02.20"]
[Round "11"]
[White "ural58"]
[Black "Godzillator"]
[Result "0-1"]
[WhiteElo "2452"]
[BlackElo "2332"]
[TimeControl "180+1"]
[EndTime "16:04:35 PST"]
[Termination "Godzillator won by checkmate"]

1. e4 d5 2. exd5 Qxd5 3. Nc3 Qd6 4. d4 c6 5. Bc4 Nf6 6. Nge2 Bg4 7. f3 Bh5 8. Bf4 Qd8 9. g4 Bg6 10. h4 h5 11. g5 Nd5 12. Bxb8 Nxc3 13. bxc3 Qxb8 14.
Rb1 e6 15. Qd2 Bd6 16. Kf2 O-O 17. Rb3 b5 18. Bd3 Bxd3 19. cxd3 g6 20. a4 a6 21. c4 Qa7 22. axb5 axb5 23. cxb5 cxb5 24. Rxb5 Rfd8 25.
Rhb1 Rd7 26. Qe3 Rad8 27. Qe4 Bb8 28. Rb7 Rxb7 29. Rxb7 Qa3 30. Ke3 Ba7 31. Qf4 Bxd4+ 32. Ke4 Bf6 33. gxf6 Qxd3+ 34. Ke5 Rd5# 0-1

[Event "Late-Titled-Tuesday-Blitz-February-20-2024"]
[Site "Chess.com"]
[Date "2024.02.20"]
[Round "11"]
[White "Doublekk14"]
[Black "rdarruda"]
[Result "0-1"]
[WhiteElo "2305"]
[BlackElo "2516"]
[TimeControl "180+1"]
[EndTime "16:04:40 PST"]
[Termination "rdarruda won on time"]

1. c4 Nf6 2. Nc3 e5 3. e3 Nc6 4. Nf3 Bb4 5. Qc2 O-O 6. d3 d5 7. cxd5 Nxd5 8. Bd2 Be6 9. a3 Be7 10. Be2 f5 11. O-O Kh8 12. Nxd5 Qxd5 13. e4 Qd7 14. b4 a6 15. Bc3 Bf6 16. a4 Nd4 17. Nxd4 exd4 18. Bd2 Rad8 19. exf5 Bxf5 20. Bf3 c6 21. b5 axb5 22. axb5 cxb5 23. Ra7 Qc8 24. Qb1 Bd7 25. Rc1 Bc6 26. Qb4 Qb8 27. Ra5 Be5 28. Bxc6 Bxh2+ 29. Kf1 bxc6 30. Rxc6 Qe5 31.
Rxb5 Qg3 32. f3 Rxf3+ 33. gxf3 Qxf3+ 34. Ke1 Re8+ 0-1

[Event "Late-Titled-Tuesday-Blitz-February-20-2024"]
[Site "Chess.com"]
[Date "2024.02.20"]
[Round "11"]
[White "BardArtem"]
[Black "Oleksandr_Bortnyk"]
[Result "0-1"]
[WhiteElo "2775"]
[BlackElo "3052"]
[TimeControl "180+1"]
[EndTime "16:04:48 PST"]
[Termination "Oleksandr_Bortnyk won on time"]

1. e4 g6 2. d4 Bg7 3. Nc3 c6 4. Nf3 a6 5. h4 h6 6. e5 d5 7. Bd3 Bg4 8. Ne2 e6 9. Ng3 h5 10. c3 c5 11. dxc5 Nd7 12. Be2 Nxc5 13. Ng5 Bxe5 14. Bxg4 hxg4 15. Qxg4 Nd3+ 16. Ke2 Nxc1+ 17.
Raxc1 Nf6 18. Qf3 Qb6 19. b3 Rc8 20. h5 Qb5+ 21. c4 dxc4 22. a4 Qb4 23. hxg6 Rxh1 24. Rxh1 cxb3 25. Rh8+ Kd7 26. Rxc8 Kxc8 27. gxf7 b2 28. Qd3 Nd7 29. Nxe6 Qg4+ 30. Qf3 Qxf3+ 0-1

[Event "Late-Titled-Tuesday-Blitz-February-20-2024"]
[Site "Chess.com"]
[Date "2024.02.20"]
[Round "11"]
[White "LuckyTiger"]
[Black "Zhigalko_Sergei"]
[Result "0-1"]
[WhiteElo "2778"]
[BlackElo "2922"]
[TimeControl "180+1"]
[EndTime "16:04:48 PST"]
[Termination "Zhigalko_Sergei won by resignation"]

1. e4 c5 2. Nf3 Nc6 3. Bb5 Nf6 4. d3 Qa5+ 5. Nc3 Nd4 6. Bc4 b5 7. Bb3 Nxb3 8. cxb3 d6 9. O-O e6 10. d4 b4 11. Na4 Nxe4 12. dxc5 Nxc5 13. Nxc5 Qxc5 14. Be3 Qb5 15. Nd4 Qd5 16. Qg4 e5 17. Qh5 g6 18.
Qe2 Bd7 19. Rfd1 Qb7 20. Nf3 Be7 21. Bh6 f6 22. Rd2 Kf7 23. Rad1 Be6 24. Re1 Rhe8 25. Nd4 Bd5 26. Nf3 Rac8 27. Rd3 a5 28. Re3 Bd8 29. Qd2 Be7 30. h4 Rc5 31. Rd3 Rec8 32. Qe3 Be6 33. Rd2 Rd5 34. Rde2 Qa6 35. Qe4 Qd3 36. Qxd3 Rxd3 37. h5 g5 38. Nd2 Bd5 0-1

[Event "Late-Titled-Tuesday-Blitz-February-20-2024"]
[Site "Chess.com"]
[Date "2024.02.20"]
[Round "11"]
[White "Polish_fighter3000"]
[Black "DrVelja"]
[Result "0-1"]
[WhiteElo "3074"]
[BlackElo "3017"]
[TimeControl "180+1"]
[EndTime "16:04:52 PST"]
[Termination "DrVelja won on time"]

1. e4 c5 2. Nf3 Nc6 3. Bb5 e6 4. O-O Nd4 5. Be2 Ne7 6. c3 Nxe2+ 7. Qxe2 d5 8. d3 Nc6 9. Bg5 f6 10. Bh4 Be7 11. e5 O-O 12. Nbd2 f5 13. Bxe7 Qxe7 14. d4 b6 15. a3 a5 16. Rfd1 Ba6 17. Qe1 f4 18. Rac1 g5 19. h3 h5 20. h4 gxh4 21.
c4 Kh8 22. cxd5 exd5 23. dxc5 bxc5 24. Nb3 Bc4 25. Nxc5 Rg8 26. b3 Qg7 27. Nxh4 Nxe5 28. Rc3 Rae8 29. Qd2 Qg4 30. bxc4 Qxh4 31. Qxd5 f3 0-1

[Event "Late-Titled-Tuesday-Blitz-February-20-2024"]
[Site "Chess.com"]
[Date "2024.02.20"]
[Round "11"]
[White "ahmedkandiliii"]
[Black "David_George21"]
[Result "0-1"]
[WhiteElo "2487"]
[BlackElo "2402"]
[TimeControl "180+1"]
[EndTime "16:04:52 PST"]
[Termination "David_George21 won by resignation"]

1. e4 c5 2. Nf3 d6 3. d4 cxd4 4. c3 dxc3 5. Nxc3 Nc6 6. Bc4 a6 7. O-O Nf6 8. Bg5 e6 9. Qe2 Be7 10. Rfd1 Qc7 11. Rac1 O-O 12. Bb3 Qb8 13. h3 Ne5 14.
Nd4 Bd7 15. f4 Ng6 16. e5 dxe5 17. Nf3 Bc6 18. Nxe5 Nxe5 19. fxe5 Nd5 20. Bxe7 Nxe7 21. Bc2 Ng6 22. Re1 Qa7+ 23. Kh1 Nf4 24. Qg4 Nxg2 25. Ne4 Nxe1 26. Rxe1 Qd4 27. Kh2 Qxe5+ 28. Kg1 f5 29. Qh5 Bxe4 30. Qg5 Qc5+ 31. Qe3 Qxe3+ 32. Rxe3 Bxc2 33.
Rxe6 Rac8 34. Re7 f4 35. Rxb7 f3 36. Kf2 Bg6 37. Rb3 Rc2+ 38. Kg3 f2 39. Kg2 f1=Q+ 0-1

[Event "Late-Titled-Tuesday-Blitz-February-20-2024"]
[Site "Chess.com"]
[Date "2024.02.20"]
[Round "11"]
[White "ridnani1"]
[Black "MaestroCheck"]
[Result "1-0"]
[WhiteElo "2416"]
[BlackElo "2531"]
[TimeControl "180+1"]
[EndTime "16:04:57 PST"]
[Termination "ridnani1 won by checkmate"]

1. e4 c5 2. Nf3 e6 3. b3 Nc6 4. Bb2 a6 5. g3 d5 6. exd5 exd5 7. Qe2+ Qe7 8. Qxe7+ Ngxe7 9. d4 Bg4 10. Nbd2 Nb4 11.
Kd1 cxd4 12. h3 Bh5 13. a3 Nbc6 14. g4 Bg6 15. Nxd4 Rc8 16. Nxc6 Nxc6 17. Bg2 d4 18. f4 f5 19. Nc4 Be7 20. Re1 Kf8 21. Re2 fxg4 22.
hxg4 d3 23. cxd3 Bxd3 24. Rd2 Bxc4 25. bxc4 Na5 26. Rd3 Nxc4 27. Bc3 Bf6 28. Bxb7 Rb8 29. Bxa6 Nb2+ 30. Bxb2 Rxb2 31. Rc1 Kf7 32. Rd7+ Ke6 33. Rcc7 Rb1+ 34. Kc2 Rb2+ 35. Kd3 Rb3+ 36. Ke4 Rc3 37. f5# 1-0

[Event "Late-Titled-Tuesday-Blitz-February-20-2024"]
[Site "Chess.com"]
[Date "2024.02.20"]
[Round "11"]
[White "Eloist"]
[Black "Agentxya"]
[Result "1-0"]
[WhiteElo "2475"]
[BlackElo "2285"]
[TimeControl "180+1"]
[EndTime "16:04:57 PST"]
[Termination "Eloist won on time"]

1. e4 e5 2. Nf3 Nc6 3. Bc4 Nf6 4. d3 Bc5 5. O-O d5 6. exd5 Nxd5 7. Re1 O-O 8. Nxe5 Nxe5 9. Rxe5 c6 10. Nd2 Bd6 11.
Re1 Qh4 12. Nf3 Qh5 13. d4 Bg4 14. h3 Bf5 15. Bd3 Bxd3 16. Qxd3 Rae8 17. Bd2 Nf4 18. Bxf4 Bxf4 19. Re4 Bc7 20. Rae1 Rxe4 21. Rxe4 Qg6 22. Qe3 Qd6 23. Re8 h6 24. c4 Qb4 25. Re7 Bd6 26.
Rd7 Bb8 27. Qb3 Qa5 28. Rxb7 Qf5 29. Rxb8 Qb1+ 30. Kh2 Rxb8 31. Qxb8+ Kh7 32. Qb7 Qxa2 33. Qxf7 Qxb2 34. d5 Qxf2 35. dxc6 1-0

[Event "Late-Titled-Tuesday-Blitz-February-20-2024"]
[Site "Chess.com"]
[Date "2024.02.20"]
[Round "11"]
[White "Duhless"]
[Black "Msb2"]
[Result "1/2-1/2"]
[WhiteElo "3092"]
[BlackElo "3030"]
[TimeControl "180+1"]
[EndTime "16:04:59 PST"]
[Termination "Game drawn by repetition"]

1. d4 d5 2. Nf3 e6 3. c4 Nf6 4. g3 Nc6 5. Bg2 Bd6 6. O-O O-O 7. Bg5 h6 8. Bxf6 Qxf6 9. cxd5 exd5 10. Nc3 Ne7 11.
Nb5 c6 12. Nxd6 Qxd6 13. Ne5 Bf5 14. e3 Ng6 15. Nd3 Rfe8 16. h4 Rab8 17. h5 Ne7 18.
Nf4 Nc8 19. Rc1 Qf6 20. Qa4 Rd8 21. b4 a6 22. Qb3 Nd6 23. a4 Re8 24. b5 axb5 25.
axb5 Be4 26. Bxe4 Nxe4 27. bxc6 bxc6 28. Qc2 Rb6 29. Rb1 Rxb1 30. Rxb1 Qd6 31. Rb6 Rc8 32. Kg2 Qd7 33. Nd3 Qf5 34. Rxc6 Rxc6 35. Qxc6 Nxg3 36.
Kxg3 Qxd3 37. Qe8+ Kh7 38. Qxf7 Qe4 39. Qf4 Qb1 40.
Kg2 Qc2 41. Qf3 Qc6 42. Qf5+ Kh8 43. Qf8+ Kh7 44. Qf5+ Kh8 45. Kf3 Qb7 46. Qf8+ Kh7 47. Qf5+ Kh8 48. Kg4 Qc6 49. Kf3 Qb7 1/2-1/2